 Dungeon Crawl Stone Soup version 0.27-a0-797-g27d10ad80f (webtiles) character file.

Game seed: 3860189548509316561

53 sahdkjhfkaj the Slasher (level 3, -13/29 HPs)
             Began as a Mummy Fighter on Mar 27, 2021.
             Mangled by Crazy Yiuf
             ... wielding a +2 quarterstaff of chaos
              (14 damage)
             ... on level 3 of the Dungeon.
             The game lasted 00:00:36 (2925 turns).

sahdkjhfkaj the Slasher (Mummy Fighter)             Turns: 2925, Time: 00:00:37

Health: -13/29     AC:  7    Str: 20    XL:     3   Next: 64%
Magic:  3/3        EV:  7    Int:  7    God:
Gold:   175        SH:  8    Dex: 11    Spells: 2/2 levels left

rFire    x . .     SeeInvis .   a - +0 long sword
rCold    + . .     Faith    .   c - +0 kite shield
rNeg     + + +     Spirit   .   b - +0 scale mail
rPois    ∞         Reflect  .   (no helmet)
rElec    .         Harm     .   (no cloak)
rCorr    .         Rampage  .   j - +0 pair of gloves
Will     .....                  (no boots)
Stlth    ..........             (no amulet)
HPRegen  0.09/turn              (no ring)
MPRegen  0.08/turn              (no ring)

@: mighty
A: cold resistance 1, negative energy resistance 3, torment resistance 2,
unbreathing 1, heat vulnerability 1, no potions
a: no special abilities


You were on level 3 of the Dungeon.
You visited 1 branch of the dungeon, and saw 3 of its levels.

You collected 175 gold pieces.

Inventory:

Hand Weapons
 a - a +0 long sword (weapon)
Armour
 b - a +0 scale mail (worn)
 c - a +0 kite shield (worn)
 j - a +0 pair of gloves (worn)
   (You found it on level 1 of the Dungeon)
Jewellery
 k - a ring of protection from cold
   (You found it on level 3 of the Dungeon)
Scrolls
 d - a scroll of noise {unknown}
 e - a scroll of enchant armour {unknown}
 f - a scroll of fog {unknown}
 g - 2 scrolls of fear {unknown}
 h - 2 scrolls of identify {unknown}
 i - a scroll of brand weapon {unknown}


   Skills:
 - Level 3.0 Fighting
 + Level 3.3 Long Blades
 - Level 2.4 Armour
 - Level 2.4 Shields


You had 2 spell levels left.
You didn't know any spells.
Your spell library contained the following spells:

 Spells                   Type           Power      Damage    Failure   Level
 Confusing Touch          Hex            0%         N/A       100%        3
 Gell's Gravitas          Tloc           0%         N/A       100%        3
 Petrify                  Tmut/Erth      0%         N/A       100%        4
 Metabolic Englaciation   Hex/Ice        0%         N/A       100%        5
 Yara's Violent Unravell  Hex/Tmut       0%         3d3       100%        5


Dungeon Overview and Level Annotations

Branches:
Dungeon (3/15)

Altars:
Elyvilon
Hepliaklqana
Kikubaaqudgha
Nemelex Xobeh
Okawaru
Qazlal
Ru
Vehumet

Annotations:
D:3 Crazy Yiuf


Innate Abilities, Weirdness & Mutations

You are immune to poison.
Your flesh is cold resistant. (rC+)
You are immune to negative energy. (rN+++)
You are immune to unholy pain and torment.
You can survive without breathing.
You are vulnerable to heat. (rF-)
You do not drink.


Message History

No reachable target in view!
No reachable target in view!
No reachable target in view!
No reachable target in view!
No reachable target in view!
No reachable target in view!
No reachable target in view!
No reachable target in view!
No reachable target in view!
Could not explore, unopened runed door.
Could not explore, unopened runed door.
Could not explore, unopened runed door.
Could not explore, unopened runed door.
You open the door. You hit Crazy Yiuf.
Crazy Yiuf is lightly wounded.
Crazy Yiuf hits you with a +2 quarterstaff of chaos.
You feel very mighty all of a sudden.
Crazy Yiuf grits, "Gnoll!
East toodlewoodle agre."
Crazy Yiuf hits you with a +2 quarterstaff of chaos!
You slash Crazy Yiuf!
Crazy Yiuf is severely wounded.
Crazy Yiuf grits, "Hah agre hand!"
Crazy Yiuf barely misses you.
You hit Crazy Yiuf but do no damage.
Crazy Yiuf is severely wounded.
Crazy Yiuf drinks a potion.
Crazy Yiuf is healed!
Crazy Yiuf hits you with a +2 quarterstaff of chaos.
Crazy Yiuf burns you.
You slash Crazy Yiuf!
Crazy Yiuf is moderately wounded.
You block Crazy Yiuf's attack.
You barely miss Crazy Yiuf.
Crazy Yiuf is moderately wounded.
Crazy Yiuf laughs, "Cake poople poople!"
Crazy Yiuf barely misses you.
Crazy Yiuf hits you with a +2 quarterstaff of chaos!
* * * LOW HITPOINT WARNING * * *
You convulse!
You die...

##..## #.#
#....# #.#
♣P..P♣ #.#
♣.P.♣♣ #.#
♣♣.♣♣ #.# ♣.♣♣
#.# ♣♣.♣
######.# ♣.♣♣
#...##.# ♣♣@♣
###.##.# #g#
##.##.##### ...
#.#........
#...#
##.########
#..)# #.# #####
#.# ##### #.#
###### #...###
######.###.....
#.###.#
#..............


You could see Crazy Yiuf.

Vanquished Creatures
  2 adders (D:3)
  A bat (D:2)
  2 endoplasms
  2 giant cockroaches (D:1)
  8 goblins
  4 hobgoblins
  2 kobolds
  A quokka (D:1)
  3 ball pythons (D:1)
  6 frilled lizards
  3 rats
  A spectral goblin (D:2)
35 creatures vanquished.

Notes
Turn   | Place    | Note
-------+----------+-------------------------------------------
     0 | D:1      | sahdkjhfkaj the Mummy Fighter began the quest for the Orb.
     0 | D:1      | Reached XP level 1. HP: 18/18 MP: 1/1
   124 | D:1      | Reached XP level 2. HP: 15/24 MP: 2/2
   259 | D:1      | You fall into a shaft and drop 1 floor!
   516 | D:2      | Found a hazy altar of Hepliaklqana.
   878 | D:2      | Found a radiant altar of Vehumet.
  1610 | D:1      | Reached XP level 3. HP: 28/29 MP: 3/3
  2204 | D:3      | Found a sacrificial altar of Ru.
  2209 | D:3      | Found an ancient bone altar of Kikubaaqudgha.
  2209 | D:3      | Found an iron altar of Okawaru.
  2222 | D:3      | Found a sparkling altar of Nemelex Xobeh.
  2356 | D:3      | Found a stormy altar of Qazlal.
  2654 | D:3      | Found a runed translucent door.
  2655 | D:3      | Noticed Crazy Yiuf
  2925 | D:3      | HP: 1/29 [Crazy Yiuf/+2 quarterstaff of chaos (9)]
  2925 | D:3      | Mangled by Crazy Yiuf

Illustrated notes

Levels and vault maps discovered:
D:1:      nzn_arrival_settlement, layout_basic
D:2:      layout_loops_corners, nicolae_hepliaklqana_monster_ancestors,
          marbit_many_paths
D:3:      layout_loops_ring, minmay_overflow_temple_star_hex,
          grunt_qazlal_clouds, uniq_crazy_yiuf_cottage

Skill      XL: |  1  2  3 |
---------------+----------+-----
Long Blades    | 2 3 |  3.3
Fighting       | |  3.0
Armour         | |  2.4
Shields        | |  2.4

Action                   || total
-------------------------++-------
Melee: Long sword        ||   122
Armor: Scale mail        ||    68
Dodge: Dodged            ||    34
Block: Kite shield       ||    55
       Rpst.: Long sword ||    15

Table legend: (Time is in decaauts)
 A = Elapsed time spent in this place.
 B = Non-inter-level travel time spent in this place.
 C = Inter-level travel time spent in this place.
 D = Time resting spent in this place.
 E = Time spent auto-exploring this place.
 F = Levels seen in this place.
 G = Mean time per level.
                   A        B        C        D        E       F      G
               +--------+--------+--------+--------+--------+-----+--------+
         Total |   2987 |   2893 |     94 |      0 |   2584 |   3 |  995.7 |
       Dungeon |   2987 |   2893 |     94 |      0 |   2584 |   3 |  995.7 |
               +--------+--------+--------+--------+--------+-----+--------+

Top non-repeatable levels by time:
     D:3: 1040 daAuts
     D:2: 997 daAuts
     D:1: 950 daAuts
